 Dungeon Crawl Stone Soup version 0.21.1-1-g345015fe64 (webtiles) character file.

105 BrokenGlass the Digger (level 4, -6/27 HPs)
             Began as an Octopode Earth Elementalist on Mar 3, 2018.
             Mangled by a gnoll
             ... wielding a +0 whip
              (8 damage)
             ... on level 3 of the Dungeon.
             The game lasted 00:01:43 (1855 turns).

BrokenGlass the Digger (OpEE)                       Turns: 1855, Time: 00:01:43

Health: -6/27      AC:  1    Str:  7    XL:     4   Next: 81%
Magic:  1/9        EV: 13    Int: 18    God:
Gold:   81         SH:  0    Dex: 12    Spells: 8/9 levels left

rFire    . . .     SeeInvis .   (no weapon)
rCold    . . .     Gourm    .   (no shield)
rNeg     . . .     Faith    .   (helmet restricted)
rPois    .         Spirit   .   (no amulet)
rElec    .         Reflect  .   (no ring)
rCorr    .         Harm     .   (no ring)
MR       .....                  (no ring)
Stlth    +++.......             (no ring)
HPRegen  0.09/turn              (no ring)
MPRegen  0.11/turn              (no ring)
                                (no ring)
                                (no ring)

@: flying
A: almost no armour, stealthy swim, amphibious, 8 rings, constrict 8, camouflage
1, gelatinous body 1
a: no special abilities


You were on level 3 of the Dungeon.
You were very hungry.

You visited 1 branch of the dungeon, and saw 3 of its levels.

You collected 81 gold pieces.

Inventory:

Missiles
 b - 102 stones (quivered)
 q - 2 curare-tipped needles
Jewellery
 a - a +5 ring of evasion {unknown}
 k - an uncursed amulet of harm {unknown}
 r - an uncursed ring of fire {unknown}
Scrolls
 e - 2 scrolls of identify {unknown}
 j - a scroll of remove curse {unknown}
 l - 3 scrolls of amnesia {unknown}
 m - a scroll of fear {unknown}
 n - a scroll of enchant weapon {unknown}
Potions
 f - a potion of cancellation {unknown}
 i - a potion of magic {unknown}
 o - a potion of curing {unknown}
 p - a potion of resistance {unknown}
Books
 d - a book of Geomancy

   Spells                             Type                      Level
   a - Sandblast                      Earth                        1
   b - Passwall                       Transmutation/Earth          2
   c - Stone Arrow                    Conjuration/Earth            3
   d - Petrify                        Transmutation/Earth          4
   e - Lee's Rapid Deconstruction     Earth                        5
Comestibles
 c - 5 rations


   Skills:
 - Level 2.0 Dodging
 - Level 2.6 Stealth
 + Level 3.4 Spellcasting
   Level 1.0 Transmutations
 + Level 4.3 Earth Magic


You had 8 spell levels left.
You knew the following spells:

 Your Spells              Type           Power        Failure   Level  Hunger
a - Sandblast             Erth           ###...       2%          1    None


Dungeon Overview and Level Annotations

Branches:
Dungeon (3/15)

Altars:
Ashenzari
Cheibriados
Dithmenos
Sif Muna


Innate Abilities, Weirdness & Mutations

You cannot wear most types of armour.
You are very stealthy in the water. (Stealth+)
You are amphibious.
You can wear up to eight rings at the same time.
You can use your tentacles to constrict eight enemies at once.
Your skin changes colour to match your surroundings (Stealth+).
Your rubbery body absorbs attacks. (AC +1, EV +1)


Message History

b - 102 stones
* * * LOW HITPOINT WARNING * * *
You feel sick.
Unknown command.
It was a potion of flight.
You feel very buoyant.
You fly up into the air.
The gnoll barely misses you.
It was a potion of heal wounds.
You feel much better. The gnoll hits you with a whip.
You feel sick. The gnoll hits you with a whip!
You feel sick.
The orc wizard points at you and mumbles some strange words.
The magic dart hits you!
* * * LOW HITPOINT WARNING * * *
You are feeling very hungry.
You feel sick.
You are no longer poisoned.
There is a stone staircase leading up here.
The gnoll hits you with a whip!
You die...

.... ..( ... #.. #.#
#.##. #.##. #@##.
#g##.## .. #r# ..# ...
#####.###.# ##.##
#.....o...#######.....
#.......r............#
#.........o.####......
#........##.##.....r..
#........##†##.wg.....


You could see an orc wizard, a gnoll and a rat.

Vanquished Creatures
  Jessica (D:2)
  2 gnolls (D:3)
  2 adders
  An ooze (D:2)
  A leopard gecko (D:3)
  4 giant cockroaches (D:1)
  3 goblins
  3 hobgoblins
  4 kobolds (D:1)
  A ball python (D:2)
  7 bats
  5 frilled lizards
  6 rats
40 creatures vanquished.

Vanquished Creatures (others)
  5 toadstools (D:1)
5 creatures vanquished.

Grand Total: 45 creatures vanquished

Notes
Turn   | Place    | Note
-------+----------+-------------------------------------------
     0 | D:1      | BrokenGlass the Octopode Earth Elementalist began the quest for the Orb.
     0 | D:1      | Reached XP level 1. HP: 11/11 MP: 3/3
   265 | D:1      | Reached XP level 2. HP: 15/17 MP: 5/5
  1003 | D:1      | Reached XP level 3. HP: 20/21 MP: 6/6
  1105 | D:2      | Found a shadowy altar of Dithmenos.
  1149 | D:2      | Noticed Jessica
  1161 | D:2      | Killed Jessica
  1246 | D:2      | Found a shattered altar of Ashenzari.
  1246 | D:2      | Found a deep blue altar of Sif Muna.
  1544 | D:2      | Reached skill level 4 in Earth Magic
  1544 | D:2      | Reached XP level 4. HP: 17/27 MP: 8/8
  1581 | D:2      | Found a snail-covered altar of Cheibriados.
  1855 | D:3      | Mangled by a gnoll

Skill      XL: |  1  2  3 |
---------------+----------+-----
Spellcasting   | 3 |  3.4
Earth Magic    | 4 |  4.3
Dodging        | |  2.0
Stealth        | |  2.6
Transmutations | |  1.0

Action                   |  1- 3 |  4- 6 || total
-------------------------+-------+-------++-------
Melee: Unarmed           |   107 |    14 ||   121
       Constrict         |    25 |     4 ||    29
       Tentacles         |    13 |     1 ||    14
 Cast: Sandblast         |     2 |    11 ||    13
  Use: Potion            |       |     2 ||     2
 Stab: Sleeping          |    11 |     2 ||    13
  Eat: Chunk             |     2 |       ||     2
Armor: Skin              |    12 |     3 ||    15
Dodge: Dodged            |    93 |    26 ||   119
